 Dungeon Crawl Stone Soup version 0.20.1-1-g8b1a95d (webtiles) character file.

123 vatarom the Summoner (level 4, -13/39 HPs)
             Began as a Demonspawn Summoner on Sept 27, 2017.
             Mangled by Ijyb
             ... wielding a +1 dagger of electrocution
              (15 damage)
             ... on level 3 of the Dungeon.
             The game lasted 00:03:53 (2176 turns).

vatarom the Summoner (Demonspawn Summoner)          Turns: 2176, Time: 00:03:53

Health: -13/39     AC:  3    Str:  8    XL:     4   Next: 79%
Magic:  2/11       EV: 12    Int: 17    God:
Gold:   39         SH:  0    Dex: 14    Spells: 7/13 levels left

rFire    . . .     SeeInvis .   d - +1 whip (venom)
rCold    . . .     Gourm    .   (no shield)
rNeg     . . .     Faith    .   a - +1 robe
rPois    .         Spirit   .   (helmet restricted)
rElec    .         Reflect  .   g - scarf {repulsion}
rCorr    .         Harm     .   (no gloves)
MR       .....                  (no boots)
Stlth    ++........             (no amulet)
Regen    0.2/turn               (no ring)
MPRegen  0.2/turn               (no ring)

@: repel missiles
A: horns 1
a: no special abilities


You were on level 3 of the Dungeon.
You were not hungry.

You visited 1 branch of the dungeon, and saw 3 of its levels.

You collected 39 gold pieces.

Inventory:

Hand Weapons
 d - a +1 whip of venom (weapon)
Armour
 a - a +1 robe (worn)
 g - a scarf of repulsion (worn)
Scrolls
 e - a scroll of amnesia
 h - a scroll of enchant weapon {unknown}
 j - a scroll of remove curse
 k - a scroll of identify
Potions
 n - a potion of lignification {unknown}
Books
 b - a book of Callings

   Spells                             Type                      Level
   a - Summon Small Mammal            Summoning                    1
   b - Call Imp                       Summoning                    2
   c - Call Canine Familiar           Summoning                    3
   d - Summon Guardian Golem          Hexes/Summoning              3
   e - Summon Lightning Spire         Summoning/Air                4
   f - Summon Ice Beast               Ice/Summoning                4
Comestibles
 c - 2 bread rations
 f - 2 meat rations
 i - 3 fruits


   Skills:
 + Level 5.5 Fighting
 - Level 1.7 Dodging
 - Level 1.7 Stealth
 + Level 5.3 Spellcasting
 * Level 8.8 Summonings


You had 7 spell levels left.
You knew the following spells:

 Your Spells              Type           Power        Failure   Level  Hunger
a - Summon Small Mammal   Summ           ####         1%          1    None
b - Call Imp              Summ           ####....     1%          2    #......
c - Call Canine Familiar  Summ           ####....     1%          3    ##.....


Dungeon Overview and Level Annotations

Branches:
Dungeon (3/15)

Altars:
Zin

Annotations:
D:3 Ijyb; raph's ghost, amateur HOFi


Innate Abilities, Weirdness & Mutations

You have a pair of small horns on your head.


Message History

Your hound bites Ijyb.
Your hound closely misses Ijyb.
Raph's ghost barely misses you.
Ijyb hits your hound with a dagger of electrocution.
Lightning courses through your hound!
Your hound dies!
Your hound's corpse disappears in a puff of smoke!
It was a potion of curing.
You feel better. Raph's ghost hits you!
* * * LOW HITPOINT WARNING * * *
It was a potion of experience.
You feel more experienced!
Your Fighting skill gained 4 levels and is now at level 5!
Your Spellcasting skill gained 3 levels and is now at level 5!
Your Summonings skill gained 4 levels and is now at level 8!
You have reached level 4!
You feel agile. Raph's ghost closely misses you.
Raph's ghost hits you but does no damage.
Ijyb screams, "Die!"
Ijyb hits you but does no damage.
You are electrocuted!
You die...

#########
#.......##########
[.#####.##.......#
.....#.<..#####.#
#......###
#........#
#.....@..# #
#....gW..#
....#####.##wb.###
#................#
....###.##########
# #.. #8?# ####


You could see Ijyb, a worm, raph's ghost and a bat.

Vanquished Creatures
  A gnoll (D:1)
  A worm (D:2)
  A leopard gecko (D:1)
  A ball python (D:1)
  6 bats
  3 giant cockroaches
  5 goblins
  3 hobgoblins
  2 jackals (D:1)
  A frilled lizard (D:1)
  9 kobolds
33 creatures vanquished.

Vanquished Creatures (collateral kills)
  A dart slug (D:1)
  A leopard gecko (D:1)
  A goblin (D:1)
  2 hobgoblins (D:1)
  4 frilled lizards (D:1)
  A kobold (D:1)
  3 rats (D:1)
13 creatures vanquished.

Grand Total: 46 creatures vanquished

Notes
Turn   | Place    | Note
-------+----------+-------------------------------------------
     0 | D:1      | vatarom the Demonspawn Summoner began the quest for the Orb.
     0 | D:1      | Reached XP level 1. HP: 13/13 MP: 3/3
   431 | D:1      | Reached skill level 1 in Fighting
   629 | D:1      | Gained mutation: You have a pair of small horns on your head. [demonic ancestry]
   629 | D:1      | Reached XP level 2. HP: 21/21 MP: 1/5
   801 | D:1      | Found a glowing silver altar of Zin.
   956 | D:1      | Reached XP level 3. HP: 22/26 MP: 6/6
   960 | D:1      | Learned a level 2 spell: Call Imp
   964 | D:1      | Learned a level 3 spell: Call Canine Familiar
  2155 | D:3      | Noticed Ijyb
  2167 | D:3      | Noticed raph's ghost (amateur HOFi)
  2170 | D:3      | HP: 1/27 [raph's ghost (13)]
  2173 | D:3      | Reached skill level 5 in Fighting
  2173 | D:3      | Reached skill level 5 in Spellcasting
  2173 | D:3      | Reached skill level 8 in Summonings
  2173 | D:3      | Reached XP level 4. HP: 2/39 MP: 1/11
  2176 | D:3      | Mangled by Ijyb

Skill      XL: |  1  2  3 |
---------------+----------+-----
Fighting       | 1 5 |  5.5
Spellcasting   | 5 |  5.3
Summonings     | 8 |  8.8
Dodging        | |  1.7
Stealth        | |  1.7

Action                   |  1- 3 |  4- 6 || total
-------------------------+-------+-------++-------
Melee: Unarmed           |     7 |       ||     7
       Whip              |    95 |       ||    95
       Headbutt          |     8 |       ||     8
 Cast: Summon Small Mamm |    17 |       ||    17
       Call Canine Famil |     3 |       ||     3
  Use: Scroll            |     6 |       ||     6
       Potion            |     5 |       ||     5
 Stab: Sleeping          |     2 |       ||     2
  Eat: Chunk             |     2 |       ||     2
       Bread ration      |     1 |       ||     1
Armor: Robe              |    31 |     2 ||    33
Dodge: Dodged            |    76 |     1 ||    77
       Deflected         |     1 |       ||     1
